[Event "*** Titled Tuesday Blitz"]
[Site "Chess.com"]
[Date "2020.05.26"]
[Round "1"]
[White "Tacticusbd"]
[Black "Sychev_Klementy"]
[Result "0-1"]
[WhiteElo "2418"]
[BlackElo "2865"]
[TimeControl "180+1"]
[EndTime "10:08:10 PDT"]
[Termination "Sychev_Klementy won by resignation"]

1. e4 e5 2. Nf3 Nc6 3. Bc4 Nf6 4. d3 Bc5 5. O-O O-O 6. a4 a5 7. h3 h6 8. Re1 d6 9. c3 Bb6 10. Nbd2 Re8 11. Bb3 Be6 12. Nc4 Ba7 13. Ne3 Bxb3 14. Qxb3 Rb8 15. Nf5 Qd7 16. Be3 Bxe3 17. Nxe3 Ne7 18.
Rad1 b6 19. Qc2 Ng6 20. d4 Qc6 21. Nd5 Nh5 22. g3 Qd7 23. Kh2 Qd8 24. Qe2 Nf6 25.
dxe5 Nxe5 26. Nd4 Nxd5 27. exd5 Qd7 28. b3 Ng6 29. Qg4 Qxg4 30. hxg4 Rxe1 31. Rxe1 Ne5 32. Kh3 Kf8 33. Re3 g6 34. f4 Nd7 35. Nb5 Rc8 36. Kh4 Nf6 37. c4 Nd7 38. g5 hxg5+ 39. Kxg5 Nc5 40. Na7 Re8 41. Rf3 Ne4+ 42. Kh6 Nf6 43. Nb5 Re1 44. f5 Rh1+ 45. Kg5 Ne4+ 46. Kf4 Nd2 47.
Re3 Rf1+ 48. Kg4 gxf5+ 49. Kg5 Ne4+ 50. Rxe4 fxe4 51. Nd4 e3 52. Kg4 Rf2 0-1

[Event "*** Titled Tuesday Blitz"]
[Site "Chess.com"]
[Date "2020.05.26"]
[Round "1"]
[White "InitiatingASC"]
[Black "Harsha_Bharathakoti"]
[Result "0-1"]
[WhiteElo "2381"]
[BlackElo "2751"]
[TimeControl "180+1"]
[EndTime "10:08:10 PDT"]
[Termination "Harsha_Bharathakoti won by resignation"]

1. Nf3 d5 2. b3 Nf6 3. Bb2 g6 4. e3 Bg7 5. c4 c6 6. cxd5 cxd5 7.
Be2 O-O 8. O-O Nc6 9. d3 Re8 10. Nbd2 e5 11. a3 a5 12. Qc2 Bd7 13. Rac1 d4 14. e4 Rc8 15. Qb1 Bh6 16. Rc2 Be6 17. Bc1 b5 18. Rd1 Nd7 19. Nf1 Bxc1 20. Rdxc1 Na7 21.
N3d2 Qe7 22. Qb2 Qd6 23. Nb1 Rxc2 24. Rxc2 Rc8 25. Rxc8+ Nxc8 26. h3 h5 27. Nfd2 Na7 28. Qc2 Qc5 29. Bd1 Nc6 30. Qxc5 Nxc5 31. Bc2 h4 32. Kf1 g5 33. f3 Kf8 34. Ke2 Ke7 35. Kd1 Kd6 36. Kc1 Ne7 37. Kd1 Ng6 38. b4 axb4 39.
axb4 Na6 40. Na3 Kc6 41. Nb3 Nxb4 42. Nc1 Nf4 43. Bb1 Nxg2 44. Kd2 Bxh3 45. Ke2 Nf4+ 46. Kf2 Be6 47. Kg1 Kc5 48. Kf2 f5 49. exf5 Bxf5 50. Nb3+ Kb6 51. Nc1 Nbxd3+ 52. Nxd3 Bxd3 53. Bxd3 Nxd3+ 54. Ke2 h3 55. Kf1 Kc5 56. Nc2 b4 57. Ke2 h2 58.
Kxd3 h1=Q 59. Ke4 Qb1 60. Kxe5 Qxc2 0-1

[Event "*** Titled Tuesday Blitz"]
[Site "Chess.com"]
[Date "2020.05.26"]
[Round "1"]
[White "heartofatiger"]
[Black "BJthechessgod"]
[Result "1-0"]
[WhiteElo "2499"]
[BlackElo "2098"]
[TimeControl "180+1"]
[EndTime "10:08:10 PDT"]
[Termination "heartofatiger won on time"]

1. d4 Nf6 2. c4 e6 3. Nf3 b6 4. g3 Bb7 5. Bg2 Be7 6. O-O O-O 7. Nc3 d5 8. cxd5 Nxd5 9. Bd2 Nd7 10. Rc1 N7f6 11.
Qa4 c5 12. Rfd1 cxd4 13. Nxd4 Nxc3 14. Bxc3 Bxg2 15. Kxg2 Qe8 16. Qxe8 Rfxe8 17. Nc6 Nd5 18. Be1 Bf6 19. Rc2 Ne7 20. Nb4 a5 21. Nd3 Rac8 22. Rxc8 Rxc8 23. f4 Nd5 24. Kf3 Bd4 25. Bd2 f5 26. e3 Bf6 27. e4 fxe4+ 28. Kxe4 Rc2 29. f5 Nc7 30. Bf4 exf5+ 31. Kxf5 Nd5 32. Ne5 Nxf4 33.
gxf4 Rxh2 34. b3 Rxa2 35. Rd6 b5 36. Rb6 Bxe5 37. fxe5 Rf2+ 38. Ke6 a4 39. Rxb5 a3 40. Ra5 a2 41. Ra8+ Rf8 42. Rxa2 h5 43. Ke7 Rf3 44. b4 h4 45. e6 h3 46. Kd7 Rd3+ 47. Ke8 g5 48. Ra5 g4 49. Rg5+ Kh7 50. Rxg4 Kh6 51. e7 Kh5 52. Rg7 h2 53. Rh7+ Kg6 54. Rxh2 Kg7 55.
Rg2+ Kh7 56. Rg4 Rd2 57. Kf7 Rf2+ 58. Ke6 1-0

[Event "*** Titled Tuesday Blitz"]
[Site "Chess.com"]
[Date "2020.05.26"]
[Round "1"]
[White "bluejay1897"]
[Black "BocharovD"]
[Result "0-1"]
[WhiteElo "2406"]
[BlackElo "2820"]
[TimeControl "180+1"]
[EndTime "10:08:11 PDT"]
[Termination "BocharovD won by resignation"]

1. Nf3 c5 2. g3 Nc6 3. c4 e5 4.
Nc3 g6 5. Bg2 Bg7 6. O-O d6 7. Ne1 Be6 8. d3 Nge7 9. Nc2 d5 10.
cxd5 Nxd5 11. Ne3 Nde7 12. Bd2 O-O 13. Rc1 Rc8 14. Ne4 b6 15. Ng5 Bd7 16. Bc3 h6 17. Nf3 Be6 18. Nc4 Qc7 19. a4 Rfd8 20. Qe1 Nd5 21.
Bd2 Kh7 22. b3 Qd7 23. h4 Bh3 24. Kh2 Bxg2 25. Kxg2 Re8 26. Rh1 e4 27. dxe4 Rxe4 28. h5 g5 29. Bxg5 Rce8 30. e3 Kh8 31. Bh4 Qf5 32.
Rd1 R8e6 33. Qd2 Ncb4 34. Nh2 Qxh5 35. Nf3 Qg6 36. Bg5 Kg8 37. Bh4 Nc3 38. Qd8+ Re8 39.
Qd2 Nxd1 40. Rxd1 Bf8 41. Qd7 R4e6 42. Rd5 Nxd5 43. Qxd5 Be7 44. Bxe7 R8xe7 45. Qa8+ Kh7 46. Qd5 Qe4 47. Qh5 Rf6 48. Nd2 Qf5 49. Qh4 Ree6 50. Kg1 Kg7 51. Qh2 Qg4 52. Nh4 Rxe3 53. Nf1 Re1 54.
Qg2 Rd6 55. Kh2 Rdd1 56. Ne3 Rh1+ 57. Qxh1 Rxh1+ 58. Kxh1 Qb4 59. Kg2 Qxb3 60. Nhf5+ Kf8 61. Nxh6 Qxa4 0-1

[Event "*** Titled Tuesday Blitz"]
[Site "Chess.com"]
[Date "2020.05.26"]
[Round "1"]
[White "TargetA"]
[Black "mohssenbinaddi"]
[Result "1-0"]
[WhiteElo "2544"]
[BlackElo "2192"]
[TimeControl "180+1"]
[EndTime "10:08:11 PDT"]
[Termination "TargetA won by checkmate"]

1. e4 c6 2. d4 d5 3. Nc3 dxe4 4.
Nxe4 Bf5 5. Ng3 Bg6 6. h4 h6 7. Nf3 Nd7 8. h5 Bh7 9. Bd3 Bxd3 10. Qxd3 e6 11. Bd2 Qc7 12. O-O-O O-O-O 13. Kb1 Ngf6 14. c4 Bd6 15. Ne4 Nxe4 16. Qxe4 Nf6 17. Qe2 c5 18. Bc3 cxd4 19. Nxd4 a6 20. Rc1 Bf4 21. Rc2 Qe5 22. Qxe5 Bxe5 23. Nxe6 fxe6 24. Bxe5 Rd7 25. c5 Rd5 26. f4 Rhd8 27. c6 b5 28.
c7 R8d7 29. Rc6 Ng4 30. Rxe6 Nxe5 31. Rxe5 Rxe5 32. fxe5 Kxc7 33. Kc2 Rd5 34. Re1 Kd7 35. Kc3 a5 36. Re4 Ke6 37. a4 Rc5+ 38. Kb3 b4 39.
g4 Rxe5 40. Rxe5+ Kxe5 41. Kc4 Kf4 42. Kb5 Kxg4 43. Kxa5 Kxh5 44. Kxb4 g5 45. Kc3 g4 46. Kd2 Kh4 47. Ke2 Kh3 48. a5 g3 49. a6 g2 50. a7 g1=Q 51. a8=Q Qg2+ 52. Qxg2+ Kxg2 53. b4 h5 54. b5 h4 55. b6 h3 56. b7 h2 57. b8=Q h1=Q 58. Qg8+ Kh2 59. Qh8+ Kg1 60. Qd4+ Kh2 61. Qh4+ Kg1 62. Qf2# 1-0

[Event "*** Titled Tuesday Blitz"]
[Site "Chess.com"]
[Date "2020.05.26"]
[Round "1"]
[White "theblitzchamp"]
[Black "NormWeinstein"]
[Result "0-1"]
[WhiteElo "2697"]
[BlackElo "2367"]
[TimeControl "180+1"]
[EndTime "10:08:12 PDT"]
[Termination "NormWeinstein won by checkmate"]

1. d4 Nf6 2. Bf4 g6 3. Nc3 Bg7 4. e4 d6 5. Qd2 Nbd7 6. O-O-O e6 7. h4 h5 8. f3 Qe7 9. Kb1 a6 10. Bg5 b5 11. Nh3 Bb7 12. Qe3 c5 13. e5 dxe5 14. dxe5 Nxe5 15. Qxe5 O-O 16. Qe3 Qc7 17. Bh6 Bh8 18.
Be2 b4 19. Ne4 Nd5 20. Qg5 Rfd8 21. Bc4 Kh7 22. Rhe1 Nb6 23. Nf6+ Bxf6 24. Qxf6 Kxh6 25. Ng5 Rf8 26. Bd3 Nd5 27. Nxf7+ Qxf7 28. Qg5+ Kg7 29.
Re5 Qf6 30. Rde1 Qxg5 31. Rxg5 Nf4 32. Bxg6 Nxg6 33. Rxe6 Rf6 34. Re7+ Kh6 35. Rxb7 Nxh4 36. Rxc5 Nxg2 37. b3 h4 38. Rcc7 Rh8 39. Rxb4 h3 40.
Rcc4 h2 41. Kb2 h1=Q 42. a4 Nf4 43. a5 Qh4 44. Ka2 Qg5 45. Re4 Rh7 46. Kb2 Rhf7 47. Rb8 Kg7 48. Ree8 Rc6 49. Rh8 Kf6 50. Rhe8 Ne6 51.
Rb4 Qe5+ 52. Ka2 Qc3 53. Ra4 Qxc2+ 54. Ka3 Qc1+ 55. Kb4 Qc5# 0-1

[Event "*** Titled Tuesday Blitz"]
[Site "Chess.com"]
[Date "2020.05.26"]
[Round "1"]
[White "CaspiIsrael"]
[Black "Chuchofrio1"]
[Result "1-0"]
[WhiteElo "2618"]
[BlackElo "2284"]
[TimeControl "180+1"]
[EndTime "10:08:12 PDT"]
[Termination "CaspiIsrael won by checkmate"]

1. e4 e5 2. Nf3 Nc6 3. Bb5 a6 4. Ba4 Nf6 5. O-O Be7 6. Re1 b5 7. Bb3 O-O 8. c3 d5 9. exd5 Nxd5 10. Nxe5 Nxe5 11. Rxe5 c6 12. d3 Bd6 13. Re1 Qh4 14.
g3 Qh3 15. Qf3 Bg4 16. Qg2 Qh5 17. Nd2 Rae8 18. Re4 f5 19. Rxe8 Rxe8 20. Bxd5+ cxd5 21. Qxd5+ Kh8 22. Nf1 Bb8 23. Bf4 Bxf4 24. gxf4 Bf3 25.
Qd7 Rg8 26. Ne3 Rf8 27. Qe7 Re8 28. Qg5 Qh3 29. Nxf5 Rg8 30. Nd4 Ba8 31. Qg3 Qc8 32. Re1 Qb7 33. f3 b4 34. f5 bxc3 35. bxc3 Qb2 36.
Qc7 Qxa2 37. Re7 Qb1+ 38. Kg2 Qxd3 39. Qe5 Qxc3 40. Kg3 Qc8 41. h4 Qd8 42. h5 Qb8 43. f4 Qxe5 44. fxe5 a5 45. Ra7 a4 46. Rxa4 Bd5 47. Ra5 Be4 48. Kf4 Bd3 49. e6 g6 50.
hxg6 hxg6 51. f6 g5+ 52. Rxg5 Rf8 53. Ke5 Ba6 54. e7 Ra8 55. f7 Bb7 56. Kf6 Rf8 57.
Rh5# 1-0

[Event "*** Titled Tuesday Blitz"]
[Site "Chess.com"]
[Date "2020.05.26"]
[Round "1"]
[White "platy3"]
[Black "slowdgehammer"]
[Result "1-0"]
[WhiteElo "2700"]
[BlackElo "2341"]
[TimeControl "180+1"]
[EndTime "10:08:13 PDT"]
[Termination "platy3 won by resignation"]

1. e4 c5 2. Nf3 e6 3. d4 cxd4 4.
Nxd4 Nf6 5. Nc3 Nc6 6. Ndb5 Bc5 7.
Bf4 O-O 8. Bc7 Qe7 9. Bd6 Bxd6 10. Qxd6 Qd8 11. O-O-O a6 12. Nd4 Qb6 13. Nxc6 bxc6 14.
f3 Ne8 15. Qd4 Qc7 16. e5 f6 17. f4 c5 18. Qe3 Bb7 19. Bc4 fxe5 20. Qxe5 Qxe5 21.
fxe5 Bc6 22. Rhf1 Ra7 23. g3 g6 24. b3 Ng7 25. g4 Bf3 26. Rd6 Bc6 27. a4 Rxf1+ 28.
Bxf1 Kf7 29. Bc4 Ke7 30. Kb2 Ra8 31. a5 h5 32. h3 hxg4 33. hxg4 Ne8 34. Rxc6 dxc6 35.
Ne4 Nc7 36. Nxc5 g5 37. b4 Nd5 38. Nxa6 Ne3 39. Be2 Nxg4 40. Nc7 Ra7 41. Bxg4 Rxc7 42. c4 Rb7 43. Kc3 Rb8 44. Bf3 Rf8 45. Bxc6 g4 46.
b5 g3 47. a6 Kd8 48. a7 Kc7 49.
a8=Q Rxa8 50. Bxa8 Kb6 51. Kb4 Ka7 52. Bg2 Kb8 53. c5 Kc7 54. b6+ Kd8 55. Kb5 Kc8 56. c6 Kd8 57. c7+ Kd7 58. Ka6 Ke7 59. c8=Q Kf7 60.
Qxe6+ Kxe6 61. b7 Kxe5 62. b8=Q+ Kd4 63. Qxg3 1-0

[Event "*** Titled Tuesday Blitz"]
[Site "Chess.com"]
[Date "2020.05.26"]
[Round "1"]
[White "FMalexhdez"]
[Black "Grebeniuk-S"]
[Result "0-1"]
[WhiteElo "2060"]
[BlackElo "2488"]
[TimeControl "180+1"]
[EndTime "10:08:13 PDT"]
[Termination "Grebeniuk-S won on time"]

1. e4 c5 2. Nf3 g6 3. d4 cxd4 4. Nxd4 Bg7 5. Nc3 Nc6 6. Nb3 Nf6 7. Be2 O-O 8. O-O d6 9. Re1 Be6 10. Bf1 Rc8 11. Nd5 Ne5 12. Bg5 Nxd5 13. exd5 Bf5 14. c3 h6 15. Bh4 g5 16. Bg3 Nc4 17. Bxc4 Rxc4 18. Qe2 Rc7 19. Rad1 a6 20. h4 Bf6 21.
Nd4 Bg6 22. hxg5 hxg5 23. f4 gxf4 24. Bxf4 Qd7 25. Bh6 Rfc8 26. Rf1 Rc5 27. Qf3 b5 28. Ne2 Rc4 29. Nf4 Rxf4 30. Bxf4 Rc4 31. Be3 Qg4 32. Bd4 Bxd4+ 33. cxd4 Rxd4 34. Qxg4 Rxg4 35. Rf3 Be4 36.
Rf2 f5 37. Rd4 Kf7 38. a4 Kf6 39. axb5 axb5 40. Rb4 Ke5 41. Rxb5 Rg3 42. b4 Rb3 43.
Rb7 Rb1+ 44. Kh2 Bxd5 45. Rxe7+ Kf6 46. Rd7 Be4 47. Rxd6+ Ke5 48. Rd8 Rxb4 49. Re8+ Kf6 50. Rf8+ Ke5 0-1

[Event "*** Titled Tuesday Blitz"]
[Site "Chess.com"]
[Date "2020.05.26"]
[Round "1"]
[White "Colombiano07"]
[Black "AlexOstrovskiy"]
[Result "0-1"]
[WhiteElo "2269"]
[BlackElo "2607"]
[TimeControl "180+1"]
[EndTime "10:08:16 PDT"]
[Termination "AlexOstrovskiy won by resignation"]

1. e4 c6 2. d4 d5 3. Nc3 dxe4 4. Nxe4 Nf6 5. Nxf6+ exf6 6. c3 Bd6 7.
Bd3 O-O 8. Ne2 Re8 9. O-O Nd7 10.
Bf4 Nf8 11. Bxd6 Qxd6 12. Re1 g6 13. Qd2 Kg7 14. Qf4 Qd8 15. Ng3 Ne6 16. Qf3 f5 17.
Bc4 Bd7 18. Re5 f6 19. Ree1 Ng5 20. Qd3 Qc7 21. Ne2 Re7 22. Qg3 Qxg3 23. Nxg3 Rae8 24. Rxe7+ Rxe7 25. Bd3 f4 26. Nf1 f3 27. Nd2 fxg2 28.
Kxg2 Bh3+ 29. Kg1 h5 30. Bf1 Bxf1 31. Kxf1 Kf7 32. Re1 Rxe1+ 33. Kxe1 Ke6 34. Ke2 Kf5 35. Nc4 Kf4 36. Nd6 Nf3 37. Nxb7 Nxh2 38. Nd8 h4 39. Nxc6 h3 40. Ne7 g5 41. Nd5+ Kf5 42. f3 g4 43.
fxg4+ Nxg4 44. Kf3 h2 45. Kg2 Ke4 46. Nxf6+ Nxf6 47. Kxh2 Kd3 48. Kg3 Kc2 49. c4 Kxb2 50. c5 Kc3 51. c6 Nd5 52. Kf3 Kxd4 53. Ke2 Nc7 54. Kd2 Kc5 55. Kc3 Kxc6 56. Kb4 Kb6 57. Ka4 Na6 58. Kb3 Nc5+ 59. Kb4 a5+ 60. Ka3 Kb5 61.
Kb2 Kb4 62. Kc2 Ka3 63. Kb1 Ne4 64. Ka1 a4 65. Kb1 Nc3+ 66. Ka1 Nxa2 67. Kb1 Nb4 68. Ka1 Kb3 69. Kb1 a3 70. Ka1 Nc2+ 71. Kb1 a2+ 0-1

[Event "*** Titled Tuesday Blitz"]
[Site "Chess.com"]
[Date "2020.05.26"]
[Round "1"]
[White "GMaka"]
[Black "Gareth-Bale11"]
[Result "1/2-1/2"]
[WhiteElo "2396"]
[BlackElo "2754"]
[TimeControl "180+1"]
[EndTime "10:08:17 PDT"]
[Termination "Game drawn by repetition"]

1. d4 Nf6 2. Bg5 d5 3. e3 c5 4. Bxf6 gxf6 5. c3 e6 6. Nd2 Nc6 7. Ngf3 f5 8. g3 Bd7 9. Bg2 Bd6 10. a3 c4 11. O-O Na5 12. b4 cxb3 13. Nxb3 Nc4 14.
Nfd2 Nxd2 15. Nxd2 Rc8 16. Qb3 Qb6 17. Qxb6 axb6 18. Rfb1 b5 19. Bf1 Rxc3 20. Bxb5 Rc7 21. a4 Ke7 22. Bxd7 Kxd7 23. a5 Ra8 24. Rb5 Kc8 25. Rab1 Ra6 26. Nf3 f6 27. Ne1 Rac6 28.
Nd3 Rc3 29. Rb6 R7c6 30. Nc5 Bxc5 31. dxc5 R3xc5 32. Rxb7 Rc1+ 33. Kg2 Rxb1 34. Rxb1 Ra6 35. Rb5 Kc7 36. h4 Kc6 37. Rb8 Kd6 38. Rh8 Ra7 39. h5 e5 40. Kf3 Ke6 41. Rg8 Rxa5 42. Rg7 d4 43. exd4 exd4 44. Rxh7 Ra2 45. h6 f4 46. g4 d3 47. Rb7 d2 48. Rb1 Kf7 49. Rd1 Kg6 50. h7 Kxh7 51. Kxf4 Kg6 52. f3 Ra4+ 53. Ke3 Ra3+ 54. Ke2 f5 55. gxf5+ Kxf5 56. Rxd2 Kf4 57. Rd4+ Ke5 58. Rg4 Kf5 59. Kf2 Rb3 60. Kg3 Ra3 61.
Rf4+ Kg5 62. Rf8 Rb3 63. Rg8+ Kf5 64. Rf8+ Kg5 65. Re8 Kf5 66. Rf8+ Kg5 1/2-1/2

[Event "*** Titled Tuesday Blitz"]
[Site "Chess.com"]
[Date "2020.05.26"]
[Round "1"]
[White "BogdanBelyakov89"]
[Black "EfM13"]
[Result "1-0"]
[WhiteElo "2632"]
[BlackElo "2296"]
[TimeControl "180+1"]
[EndTime "10:08:17 PDT"]
[Termination "BogdanBelyakov89 won by resignation"]

1. e4 g6 2. d4 Bg7 3. Nc3 d6 4. f4 Nf6 5. Nf3 O-O 6. e5 Ne8 7. Be2 c6 8. O-O Nd7 9. Kh1 b5 10. a3 a6 11. Qe1 c5 12. dxc5 Nxc5 13. Be3 Bb7 14. Rd1 Qc7 15. Qh4 Rd8 16. f5 Bxf3 17. Bxf3 Bxe5 18. Nd5 Bf6 19. Qxf6 exf6 20. Nxc7 Nxc7 21.
Bf4 Ne8 22. Rfe1 Rc8 23. c3 g5 24. Bg3 Na4 25. Re2 Rc5 26. Rde1 Re5 27. Bxe5 fxe5 28. Rd1 Nb6 29. Bb7 a5 30. Bc6 b4 31.
cxb4 axb4 32. axb4 Ng7 33. f6 Nf5 34. Red2 Nd4 35.
Rxd4 exd4 36. Rxd4 Rc8 37. b5 d5 38. g4 h6 39. Kg2 Rd8 40. Kf3 Rd6 41. b3 Re6 42.
Rd3 Rxf6+ 43. Ke3 Re6+ 44. Kd4 Rf6 45. Kc5 Nc8 46. b6 Ne7 47. Bxd5 Nxd5 48. Rxd5 Rf3 49. b4 Rc3+ 50. Kb5 Rc8 51. b7 Rb8 52. Kb6 Kg7 53.
Kc7 Rf8 54. b8=Q Rxb8 55. Kxb8 Kf6 56. b5 Ke6 57. Rf5 f6 58. h3 Kd6 59. b6 Kc6 60. b7 Kb6 61. Rxf6+ Kc5 62. Kc8 1-0

[Event "*** Titled Tuesday Blitz"]
[Site "Chess.com"]
[Date "2020.05.26"]
[Round "1"]
[White "Korchmar_Vasiliy"]
[Black "Richarzard69"]
[Result "1-0"]
[WhiteElo "2572"]
[BlackElo "2223"]
[TimeControl "180+1"]
[EndTime "10:08:17 PDT"]
[Termination "Korchmar_Vasiliy won by resignation"]

1. d4 Nf6 2. c4 c5 3. d5 e6 4. Nc3 exd5 5. cxd5 d6 6. Nf3 g6 7. g3 Bg7 8. Bg2 O-O 9. O-O Re8 10. Bf4 a6 11. a4 Ne4 12. Nxe4 Rxe4 13. Nd2 Rb4 14.
Ra2 Bxb2 15. Qc2 Bg7 16. Nc4 Bf8 17. e4 f6 18. a5 Qc7 19. Qc3 Nd7 20. h4 Ne5 21.
Bxe5 fxe5 22. h5 Bd7 23. hxg6 hxg6 24. Nb6 Re8 25. f4 exf4 26. gxf4 Bb5 27. Rff2 Bg7 28. Qg3 Qf7 29. Rad2 Bd4 30. Rxd4 Rxd4 31. e5 dxe5 32. fxe5 Rd1+ 33. Kh2 Qh7+ 34. Bh3 Rf8 35. Rf6 Rxf6 36.
exf6 Rd2+ 37. Kg1 Qh5 38. Be6+ Kh7 39. Qc7+ Kh6 40. Qf4+ Qg5+ 41. Qxg5+ Kxg5 42. f7 Rd1+ 43. Kg2 Rf1 44. d6 Rf6 45. d7 Bxd7 46. Nxd7 Rxf7 47.
Bxf7 c4 48. Bxc4 Kf4 49. Nc5 g5 50. Nxb7 Ke5 51. Bxa6 Kd4 52. Bf1 Ke5 53. a6 Ke6 54.
Na5 Kd6 55. Nb3 Kc7 56. Nd2 Kb8 57. Ne4 Ka7 58. Nxg5 Kb6 59. Kf3 Ka7 60. Ke4 Kb6 61. Kd4 Ka7 62. Kc5 Kb8 63. Kb6 Ka8 64. Bg2+ Kb8 65.
a7+ Kc8 66. a8=Q+ Kd7 1-0

[Event "*** Titled Tuesday Blitz"]
[Site "Chess.com"]
[Date "2020.05.26"]
[Round "1"]
[White "GMNickPert"]
[Black "ErikRonka"]
[Result "1-0"]
[WhiteElo "2749"]
[BlackElo "2379"]
[TimeControl "180+1"]
[EndTime "10:08:18 PDT"]
[Termination "GMNickPert won by resignation"]

1. d4 d5 2. c4 c6 3. Nf3 Nf6 4. Nc3 e6 5. cxd5 exd5 6. Bg5 Be7 7. e3 Bf5 8. Bd3 Bxd3 9. Qxd3 Nbd7 10. O-O O-O 11.
Rab1 a5 12. a3 Re8 13. b4 axb4 14. axb4 Ne4 15. Bxe7 Qxe7 16. Qc2 b5 17. Nxe4 dxe4 18. Nd2 Rec8 19. Qxe4 Qxe4 20. Nxe4 Nb6 21. Rfc1 Nd5 22. Nc3 Nb6 23. g3 h5 24. Ra1 Nc4 25. Kg2 Kf8 26.
d5 Ne5 27. Rxa8 Rxa8 28. dxc6 Nxc6 29. Nd5 Ne5 30. Rc5 Rb8 31. Nc7 Nd3 32. Rxb5 Rxb5 33. Nxb5 Nxb4 34. Kf3 Ke7 35. Ke4 g6 36. Nc3 Ke6 37. h3 f6 38. Ne2 f5+ 39. Kf3 Kf6 40.
h4 Nd3 41. Nf4 Ne5+ 42. Ke2 Ng4 43. Nd5+ Ke6 44. Nc3 Kf6 45. Na4 Ne5 46. Nc5 Ng4 47. Nd3 g5 48. f3 Nh2 49. hxg5+ Kxg5 50. Kf2 h4 51. gxh4+ Kxh4 52. Kg2 Ng4 53. fxg4 Kxg4 54. Nf4 1-0

[Event "*** Titled Tuesday Blitz"]
[Site "Chess.com"]
[Date "2020.05.26"]
[Round "1"]
[White "Fins0905"]
[Black "BIG_Pirate"]
[Result "0-1"]
[WhiteElo "2661"]
[BlackElo "2329"]
[TimeControl "180+1"]
[EndTime "10:08:18 PDT"]
[Termination "BIG_Pirate won by resignation"]

1. d4 d5 2. c4 c6 3. Nf3 Nf6 4.
Nc3 e6 5. Bg5 Nbd7 6. e3 Qa5 7.
cxd5 Nxd5 8. Qd2 N7b6 9. Bd3 Bb4 10. Rc1 Na4 11. O-O Naxc3 12. bxc3 Bxc3 13. Qc2 h6 14. Bh4 Bb4 15. e4 Nf4 16. Bc4 O-O 17. Ne5 Bd6 18. Bg3 Bxe5 19. dxe5 Ng6 20. f4 b6 21. Qb2 Ba6 22. Bxa6 Qxa6 23. f5 Ne7 24.
Bh4 Rae8 25. Qf2 exf5 26. exf5 Nd5 27. Qg3 Qe2 28. Rfe1 Qh5 29. Rf1 Qe2 30. Rce1 Qh5 31. h3 f6 32. e6 Ne7 33. Qg4 Qxg4 34. hxg4 Rd8 35. Bg3 Rd5 36. Rc1 Rfd8 37. Kh2 Kf8 38. Rf3 Ke8 39. Ra3 Ra8 40. Bf2 c5 41. Rb1 Rdd8 42.
Bg3 Nd5 43. Ra4 Nc3 44. Ra3 Nxb1 45. Re3 Nd2 46. Bc7 Rd4 47. Kh3 Nc4 48. Rc3 Rc8 49.
Bg3 Re4 50. Kh4 Ne5 51. Kh5 Nxg4 52. Rd3 Ne5 53. Rd6 Rd8 54. Bxe5 Rxe5 55. Rc6 Rxf5+ 56. Kg6 Rg5+ 57. Kh7 Ke7 58. Rc7+ Kxe6 59. Rxa7 Rxg2 60. Rb7 Rd6 61. Rxb6 Rxb6 0-1

[Event "*** Titled Tuesday Blitz"]
[Site "Chess.com"]
[Date "2020.05.26"]
[Round "1"]
[White "Karinaa87"]
[Black "Walter_White_Poland"]
[Result "1-0"]
[WhiteElo "2550"]
[BlackElo "2203"]
[TimeControl "180+1"]
[EndTime "10:08:18 PDT"]
[Termination "Karinaa87 won by checkmate"]

1. d4 Nf6 2. c4 c5 3. d5 e6 4. Nc3 exd5 5. cxd5 d6 6. Nf3 g6 7. Nd2 Nbd7 8. g3 Bg7 9. Bg2 O-O 10. O-O Re8 11. a4 a6 12. Nc4 Ne5 13. Nxe5 Rxe5 14. Bf4 Re8 15. a5 b5 16. axb6 Qxb6 17. Qd2 Nd7 18. Na4 Qc7 19. Rac1 Rb8 20. b4 c4 21. Rc2 Ne5 22. Rfc1 Bf5 23. e4 Bd7 24. Nb2 Bb5 25.
Bxe5 Bxe5 26. Nxc4 Bxc4 27. Rxc4 Qb6 28. Bf1 Rb7 29. h4 h5 30. Kg2 Reb8 31. f4 Bg7 32. Bd3 Kh7 33. f5 Be5 34. Be2 gxf5 35. Bxh5 Rg8 36. g4 fxg4 37. Rf1 f6 38. Qe2 a5 39. bxa5 Qxa5 40. Rc2 Rb3 41. Qc4 Rg3+ 42. Kh1 Rh3+ 43. Kg1 Rg3+ 44. Rg2 Rxg2+ 45. Kxg2 Qd2+ 46. Rf2 Qd1 47. Qc7+ Rg7 48. Qc8 Qb1 49. Qf5+ Kh8 50. Be8 g3 51.
Re2 Qb3 52. Bg6 Qd3 53. Qh5+ Kg8 54. Bf5 Rh7 55. Qe8+ Kg7 56. Qg6+ Kf8 57. Qxh7 Qxe2+ 58. Kh3 Qh2+ 59. Kg4 g2 60. Qh8+ Ke7 61. Qg7+ Kd8 62. Qd7# 1-0

[Event "*** Titled Tuesday Blitz"]
[Site "Chess.com"]
[Date "2020.05.26"]
[Round "1"]
[White "Leo_C"]
[Black "GMartin_Petrov"]
[Result "0-1"]
[WhiteElo "2263"]
[BlackElo "2606"]
[TimeControl "180+1"]
[EndTime "10:08:22 PDT"]
[Termination "GMartin_Petrov won by resignation"]

1. d4 Nf6 2. c4 e6 3. Nc3 Bb4 4. Qc2 d5 5. cxd5 exd5 6. Bg5 h6 7. Bxf6 Qxf6 8. a3 Bxc3+ 9. Qxc3 O-O 10. Nf3 c6 11. e3 Bf5 12. Be2 Nd7 13. O-O Qd6 14.
Rac1 a5 15. h3 Rfe8 16. Rfd1 a4 17. Bd3 Be4 18. Bxe4 Rxe4 19. Rc2 g5 20. Nd2 Re6 21.
Qd3 Kg7 22. e4 dxe4 23. Nxe4 Qe7 24. Nc5 Nxc5 25. dxc5 Re1+ 26. Rxe1 Qxe1+ 27. Qf1 Qe5 28. Qe2 Qd4 29. Qd2 Rd8 30. Qxd4+ Rxd4 31. Kf1 Kf6 32. Ke2 Ke5 33. Ke3 Kd5 34. Rc3 f5 35.
g3 h5 36. b4 axb3 37. Rxb3 Ra4 38. Rxb7 Rxa3+ 39. Ke2 Ra2+ 40. Kf1 f4 41. Rd7+ Ke4 42. gxf4 gxf4 43. Kg2 Rc2 44. Re7+ Kd4 45. Rf7 Ke4 46. Re7+ Kf5 47. Rf7+ Kg5 48. h4+ Kxh4 49. Rxf4+ Kg5 50. Rf8 Rxc5 51. Rg8+ Kf4 52. Rf8+ Rf5 53. Rc8 c5 54.
Rc6 Ke4 55. Kg3 Kd3 56. f4 c4 57. Kf3 c3 58. Rd6+ Kc2 59. Ke4 Rf8 60. f5 h4 61. f6 Kb2 62. Ke5 c2 63. Rb6+ Kc1 64.
Rc6 h3 65. Ke6 h2 66. Ke7 Rxf6 67. Rxf6 h1=Q 0-1

[Event "*** Titled Tuesday Blitz"]
[Site "Chess.com"]
[Date "2020.05.26"]
[Round "1"]
[White "tigra"]
[Black "Mikasinski"]
[Result "1-0"]
[WhiteElo "2751"]
[BlackElo "2381"]
[TimeControl "180+1"]
[EndTime "10:08:26 PDT"]
[Termination "tigra won by resignation"]

1. e4 c5 2. Nf3 d6 3. d4 cxd4 4. Nxd4 Nf6 5. Nc3 g6 6. Be3 Bg7 7. f3 O-O 8. Qd2 Nc6 9. Bc4 Bd7 10. O-O-O Rc8 11. Be2 Ne5 12. g4 Qa5 13. Nb3 Qc7 14.
Bxa7 b6 15. g5 Nxe4 16. fxe4 Qxa7 17. Kb1 Nc4 18. Bxc4 Rxc4 19. Nd5 Bg4 20. Qd3 Ra4 21. Nc1 Bxd1 22. Rxd1 Rd4 23. Qe2 Rxd1 24. Qxd1 Rc8 25.
Qd3 Kf8 26. c3 Qb7 27. Ne2 e6 28. Ne3 Kg8 29. h4 d5 30. exd5 exd5 31. Nxd5 Rd8 32. c4 Kh8 33. a4 Qd7 34. b3 Qg4 35. Qe3 Qxh4 36. Kc2 Qe1 37. Qe7 Rf8 38. Nf6 Qa1 39. Nc3 Qf1 40. Ncd5 Qf5+ 41. Kc3 Qxg5 42. Kb4 h5 43. Qd6 Qd2+ 44. Kb5 Ra8 45. b4 Qd4 46. Qe7 Bxf6 47. Nxf6 Kg7 48. Ne8+ Kh6 49. Nd6 Qf4 50. Nxf7+ Kg7 51. Ne5+ Kh6 52. Qd6 Qf5 53. Kxb6 Re8 54. Qd2+ g5 55. Nc6 Re6 56. b5 Qf6 57. c5 Re5 58.
Qd4 Re7 59. Qxf6+ 1-0

[Event "*** Titled Tuesday Blitz"]
[Site "Chess.com"]
[Date "2020.05.26"]
[Round "1"]
[White "Tall-guy"]
[Black "jonaszmb"]
[Result "1-0"]
[WhiteElo "2115"]
[BlackElo "2482"]
[TimeControl "180+1"]
[EndTime "10:08:26 PDT"]
[Termination "Tall-guy won by resignation"]

1. e4 c5 2. Nf3 d6 3. Bb5+ Bd7 4. Bxd7+ Qxd7 5. c4 Nf6 6. Nc3 g6 7. d4 cxd4 8. Nxd4 Bg7 9. Be3 O-O 10. f3 Nc6 11.
O-O a6 12. Qd3 Rac8 13. b3 Rfd8 14. Rfd1 e6 15. Rac1 d5 16. exd5 exd5 17. Nxc6 bxc6 18. cxd5 cxd5 19. Qxa6 Rc6 20. Qd3 h5 21. Bd4 Rdc8 22.
Ne2 Rxc1 23. Rxc1 Rxc1+ 24. Nxc1 Qe7 25. Ne2 Qa3 26. Qc2 Kh7 27. Nf4 Ne4 28. Bxg7 Qa7+ 29. Kf1 Qa6+ 30. Qe2 Nd2+ 31. Ke1 Nc4 32. bxc4 Kxg7 33.
cxd5 Qb6 34. Qe5+ Kh7 35. d6 Qg1+ 36. Ke2 Qxh2 37. d7 Qh4 38. Nxg6 fxg6 39. Qe8 Qg3 40. d8=Q Qxg2+ 41. Ke3 Qg1+ 42. Kf4 Qc1+ 43. Ke5 Qe3+ 44. Kf6 Qf4+ 45. Ke7 Qe5+ 46. Kd7 Qb5+ 47. Kc8 Qa6+ 48. Kb8 g5 49. Qc7+ Kh6 50. Qec6+ Qxc6 51. Qxc6+ Kg7 52. Qd7+ Kh6 53. Qe6+ Kg7 54. Qe7+ Kh6 55. Qf6+ Kh7 56. Qxg5 h4 57. Qh5+ Kg7 58. Qxh4 Kg6 59. Qe4+ Kf6 60. a4 Kg5 61. a5 Kf6 62. a6 Kf7 63. a7 Kf8 64.
a8=Q Kf7 65. Qa5 1-0